 Dungeon Crawl Stone Soup version 0.20-a0-957-g47ad1fd (webtiles) character file.

52 Murumi the Shield-Bearer (level 4, -8/35 HPs)
             Began as a Formicid Fighter on Apr 5, 2017.
             Killed by divine providence
             ... invoked by an orc priest
              (13 damage)
             ... on level 4 of the Dungeon.
             The game lasted 00:02:35 (818 turns).

Murumi the Shield-Bearer (Formicid Fighter)          Turns: 818, Time: 00:02:35

Health: -8/35      AC:  6    Str: 21    XL:     4   Next: 8%
Magic:  4/4        EV:  8    Int:  5    God:
Gold:   100        SH:  9    Dex: 10    Spells: 3/3 levels left

rFire    . . .     SeeInvis +   a - +0 long sword
rCold    . . .     Gourm    .   c - +0 shield
rNeg     . . .     Faith    .   b - +0 scale mail
rPois    .         Spirit   .   (helmet unavailable)
rElec    .         Reflect  .   (no cloak)
rCorr    .         Harm     .   (no gloves)
MR       .....                  (no boots)
Stlth    ..........             (no amulet)
Regen    0.2/turn               e - -3 ring of intelligence (curse)
MPRegen  0.1/turn               (no ring)

@: no status effects
A: permanent stasis, dig shafts and tunnels, four strong arms, antennae 3
a: Dig, Shaft Self


You were on level 4 of the Dungeon.
You were not hungry.

You visited 1 branch of the dungeon, and saw 3 of its levels.

You collected 100 gold pieces.

Inventory:

Hand Weapons
 a - a +0 long sword (weapon)
Armour
 b - a +0 scale mail (worn)
 c - a +0 shield (worn)
Jewellery
 e - a cursed -3 ring of intelligence (left hand)
Scrolls
 g - a scroll of recharging
Potions
 d - a potion of might
Comestibles
 f - a bread ration


   Skills:
 - Level 3.2 Fighting
 + Level 3.7 Long Blades
 - Level 3.2 Armour
 - Level 4.1 Shields


You had 3 spell levels left.
You didn't know any spells.

Dungeon Overview and Level Annotations

Branches:
Dungeon (4/15)
 Temple: D:4-7

Altars:


Innate Abilities, Weirdness & Mutations

You cannot be hasted, slowed, berserked, paralysed or teleported.
You can dig through walls and to a lower floor.
Your four strong arms can wield two-handed weapons with a shield.
You have a pair of large antennae on your head. (SInv)


Message History

An orc priest comes into view. It is wielding a falchion.
The orc priest shouts!
The orc shouts!
The orc priest mumbles some strange prayers to Beogh against you.
Pain shoots through your body!
An orc comes into view. It is wielding a flail.
The orc shouts!
The orc priest mumbles some strange prayers to Beogh against you.
Beogh smites you!
You hit the orc priest.
The orc priest is moderately wounded.
The orc priest barely misses you.
You riposte.
You closely miss the orc priest.
The orc priest is moderately wounded.
Your scale mail prevents you from hitting the orc priest.
The orc priest is moderately wounded.
The orc priest hits you with a falchion!
* * * LOW HITPOINT WARNING * * *
The orc priest mumbles some strange prayers to Beogh against you.
Beogh smites you!
You die...

... ..... #.....#
.......
#.#########.......
#.......>#........
#@.....(...#
########..oo.....#
#......#..o(.....#
###......#.........#
.............?.....#
.........#....<....#
#####.####.........#
# ####.#..######
#..).#..#


You could see an orc priest and 2 orcs.

Vanquished Creatures
  A bullfrog skeleton (D:4)
  An orc (D:4)
  3 bats (D:1)
  A giant cockroach (D:4)
  2 goblins (D:1)
  3 hobgoblins (D:1)
  4 kobolds (D:1)
  2 frilled lizards (D:1)
  5 rats (D:1)
22 creatures vanquished.

Notes
Turn   | Place    | Note
-------+----------+-------------------------------------------
     0 | D:1      | Murumi the Formicid Fighter began the quest for the Orb.
     0 | D:1      | Reached XP level 1. HP: 18/18 MP: 1/1
    65 | D:1      | Reached skill level 4 in Shields
   125 | D:1      | Reached XP level 2. HP: 23/24 MP: 2/2
   785 | D:2      | You fall through a shaft for 2 floors!
   798 | D:4      | Reached XP level 3. HP: 22/29 MP: 3/3
   798 | D:4      | Reached XP level 4. HP: 27/35 MP: 4/4
   818 | D:4      | Killed from afar by an orc priest

Vault maps used:
D:1:      scummos_arrival_star
D:2:      lemuel_zombie_altar_kikubaaqudgha, minmay_item_behind_shaft,
          uniq_crazy_yiuf_cottage
D:4:      first_bread

Skill      XL: |  1  2 |
---------------+-------+-----
Shields        | 4 |  4.1
Long Blades    | 3 |  3.7
Fighting       | |  3.2
Armour         | |  3.2

Action                   |  1- 3 |  4- 6 || total
-------------------------+-------+-------++-------
Melee: Long sword        |    52 |     8 ||    60
  Use: Scroll            |     2 |       ||     2
Armor: Scale mail        |    19 |     1 ||    20
Dodge: Dodged            |    14 |     2 ||    16
Block: Shield            |    20 |     4 ||    24
       Rpst.: Long sword |     2 |     1 ||     3
